 Dungeon Crawl Stone Soup version 0.30.1-1-g62c8e00024 (webtiles) character file.

Game seed: 460408431141888192

79 Gorgoleon the Firebug (level 4, -2/24 HPs)
             Began as a Deep Elf Fire Elementalist on July 14, 2023.
             Slain by a gnoll
             ... wielding a +0 whip
              (8 damage)
             ... on level 3 of the Dungeon on July 15, 2023.
             The game lasted 00:11:00 (2319 turns).

Gorgoleon the Firebug (Deep Elf Fire Elementalist)  Turns: 2319, Time: 00:11:00

Health: -2/24      AC:  3    Str:  7    XL:     4   Next: 17%
Magic:  4/10       EV: 13    Int: 20    God:
Gold:   182        SH:  5    Dex: 15    Spells: 6/9 levels left

rFire   . . .        m - staff of conjuration
rCold   . . .        (no shield)
rNeg    . . .        a - +0 robe
rPois   .            (no helmet)
rElec   .            (no cloak)
rCorr   .            p - +0 pair of gloves
SInv    .            (no boots)
Will    .....        l - amulet of reflection
Stlth   ++           (no ring)
HPRegen 0.24/turn    (no ring)
MPRegen 0.12/turn

%: reflection
@: very slightly contaminated
A: no striking features
a: no special abilities


You were on level 3 of the Dungeon.
You visited 1 branch of the dungeon, and saw 4 of its levels.

You collected 182 gold pieces.

Inventory:

Armour
 a - a +0 robe (worn)
 p - a +0 pair of gloves (worn)
Magical Staves
 m - a staff of conjuration (weapon)
Jewellery
 j - a ring of ice
 l - an amulet of reflection (around neck)
 q - a +5 ring of evasion
Scrolls
 c - 2 scrolls of fog {unknown}
 d - 2 scrolls of identify {unknown}
 e - a scroll of acquirement {unknown}
 f - a scroll of poison {unknown}
 i - 4 scrolls of teleportation {unknown}
 k - a scroll of noise {unknown}
 o - a scroll of amnesia {unknown}
Potions
 b - 2 potions of magic
 g - 2 potions of mutation {unknown}
 h - a potion of heal wounds {unknown}
 n - 3 potions of degeneration {unknown}
 r - a potion of might {unknown}


   Skills:
 + Level 2.8 Dodging
 - Level 2.4 Stealth
 - Level 3.0 Spellcasting
 + Level 1.8 Conjurations
 + Level 5.1 Fire Magic


You had 6 spell levels left.
You knew the following spells:

 Your Spells              Type           Power      Damage    Failure   Level
a - Foxfire               Conj/Fire      100%       2x1d9     3%          1
b - Scorch                Fire           46%        2d7       2%          2

Your spell library contained the following spells:

 Spells                   Type           Power      Damage    Failure   Level
 Magic Dart               Conj           60%        1d6       7%          1
 Searing Ray              Conj           30%        2d5       10%         2
 Summon Small Mammal      Summ           12%        N/A       14%         1
 Inner Flame              Hex/Fire       13%        N/A       16%         3
 Volatile Blastmotes      Fire/Tloc      26%        2d12      16%         3
 Flame Wave               Conj/Fire      25%        2d8       32%         4
 Call Canine Familiar     Summ           3%         N/A       38%         3
 Summon Guardian Golem    Hex/Summ       3%         N/A       38%         3
 Fulminant Prism          Conj/Hex       5%         3d7       67%         4
 Anguish                  Hex/Necr       1%         N/A       80%         4
 Cause Fear               Hex            1%         N/A       80%         4
 Enfeeble                 Hex            1%         N/A       100%        7


Dungeon Overview and Level Annotations

Branches:
Dungeon (4/15)
 Temple: D:4-7

Altars:
Cheibriados
Fedhas
Makhleb
Wu Jian

Shops:
D:1 *


Message History

You add the spells Summon Small Mammal, Call Canine Familiar and Summon Guardian Golem to your library.
You see here 7 stones.
Done exploring.
Done exploring.
You see here 4 javelins.
There is a stone staircase leading down here.
You climb downwards.
The gnoll shouts! x3
Found a cyan potion.
There is a stone staircase leading up here.
Casting: Foxfire (safe; 3% risk of failure)
Confirm with . or Enter, or press ? or * to list all spells.
You feel a surge of power!
You conjure some foxfire!
The foxfire hits the gnoll but does no damage.
The foxfire hits the gnoll.
The gnoll is lightly wounded.
There are monsters nearby!
The gnoll hits you with a +0 whip. The gnoll closely misses you.
You climb upwards.
There is a stone staircase leading down here.
You block the gnoll's attack. The gnoll attacks as you move away!
The gnoll hits you with a +0 whip. x2
The gnoll attacks as you move away! The gnoll barely misses you.
Casting: Foxfire (safe; 3% risk of failure)
Confirm with . or Enter, or press ? or * to list all spells.
Flames lash the gnoll.
The gnoll is moderately wounded.
The gnoll's fire resistance burns away.
The gnoll completely misses you.
Casting: Scorch (safe; 2% risk of failure)
Confirm with . or Enter, or press ? or * to list all spells.
You miscast Scorch.
You are very lightly contaminated with residual magic.
Nothing appears to happen.
The gnoll hits you with a +0 whip!
* * * LOW HITPOINT WARNING * * *
Casting: Scorch (safe; 2% risk of failure)
Confirm with . or Enter, or press ? or * to list all spells.
Flames lash the gnoll.
The gnoll is burned terribly!
The gnoll is almost dead.
The gnoll hits you with a +0 whip!
You die...

# #.# #.......##.#######
# #.# ######..##.# #
#.###### #..##.# #
#......# #...#.# #
######.# #...#.# #
#.####...#.## #
#.#.........######
#.#...............
#@#..........#####
#########g####...###.# #
#.......>g...(...# #.# #
########.#######.####...#
#.# # ...............#.#
##### #.#####
.................#
#......
..##..##.#####.###
##..#### ..##..##.# #.##
#...####
#.##..##.#####..#
#.#.....


You could see 2 gnolls.

Vanquished Creatures
  3 adders
  A worm (D:2)
  3 orcs (D:3)
  5 bats
  4 endoplasms
  A giant cockroach (D:3)
  7 goblins
  4 hobgoblins
  2 quokkas (D:2)
  4 ball pythons
  2 frilled lizards (D:1)
  3 kobolds
  4 rats
43 creatures vanquished.

Vanquished Creatures (others)
  93 foxfires
93 creatures vanquished.

Grand Total: 136 creatures vanquished

Notes
Turn   | Place    | Note
-------+----------+-------------------------------------------
     0 | D:1      | Gorgoleon the Deep Elf Fire Elementalist began the quest
                  | for the Orb.
     0 | D:1      | Reached XP level 1. HP: 10/10 MP: 6/6
    60 | D:1      | Found Ettuod's General Store.
   135 | D:1      | Reached XP level 2. HP: 15/15 MP: 6/8
   224 | D:1      | Reached skill level 4 in Fire Magic
   359 | D:1      | Learned a level 2 spell: Scorch
   383 | D:1      | Found a faded altar of an unknown god.
   954 | D:2      | Reached XP level 3. HP: 19/19 MP: 5/9
  1480 | D:3      | Found a blossoming altar of Fedhas.
  1480 | D:3      | Found a snail-covered altar of Cheibriados.
  1480 | D:3      | Found a burning altar of Makhleb.
  1481 | D:3      | Found an ornate altar of the Wu Jian Council.
  1668 | D:3      | Reached skill level 5 in Fire Magic
  1668 | D:3      | Reached XP level 4. HP: 24/24 MP: 8/10
  2319 | D:3      | Slain by a gnoll

Illustrated notes

Levels and vault maps discovered:
D:1:      lemuel_arrival_river_ford, layout_basic, serial_shops, shop,
          shapermc_ecumenical_altar_mp_urbaneastern, dreamdust_princess_corridor
D:2:      layout_rooms
D:3:      layout_loops_ring, chequers_temple_overflow_statue_of_worship
D:4:      minmay_octagon_keep, layout_basic, kiku_gazebo_garden_becter,
          nicolae_shop_gadgets

Skill      XL: |  1  2  3 |
---------------+----------+-----
Fire Magic     | 4 5 |  5.1
Dodging        | |  2.8
Stealth        | |  2.4
Spellcasting   | |  3.0
Conjurations   | |  1.8

Action                     |  1- 3 |  4- 6 || total
---------------------------+-------+-------++-------
  Melee: Dagger            |     2 |       ||     2
         Staff             |    14 |     4 ||    18
   Cast: Foxfire           |    48 |     8 ||    56
         Scorch            |     2 |     2 ||     4
   Stab: Sleeping          |     1 |       ||     1
 Armour: Robe              |     4 |       ||     4
  Dodge: Dodged            |    12 |    12 ||    24
  Block: Other             |     5 |     4 ||     9
